 Dungeon Crawl Stone Soup version 0.29-a0-416-g83a48905f1 (webtiles) character file.

Game seed: 13324280520492538250

71 hquester the Cudgeller (level 4, -5/44 HPs)
             Began as a Troll Berserker on May 16, 2022.
             Was a Believer of Trog.
             Slain by Crazy Yiuf
             ... wielding a +3 quarterstaff of chaos
              (13 damage)
             ... on level 3 of the Dungeon.
             The game lasted 00:07:07 (2028 turns).

hquester the Cudgeller (Troll Berserker)            Turns: 2028, Time: 00:07:08

Health: -5/44      AC:  4    Str: 25    XL:     4   Next: 5%
Magic:  3/3        EV: 10    Int:  3    God:    Trog [**....]
Gold:   168        SH:  0    Dex: 11    Spells: 3/3 levels left

rFire   . . .      SeeInvis .     - Unarmed
rCold   + . .      Faith    .   (no shield)
rNeg    . . .      Spirit   .   b - +0 animal skin
rPois   .          Reflect  .   (helmet restricted)
rElec   .          Harm     .   (no cloak)
rCorr   .          Rampage  .   (gloves unavailable)
Will    .....                   (boots unavailable)
Stlth   +.........              n - amulet of regeneration
HPRegen 1.74/turn               l - ring of protection from cold
MPRegen 0.08/turn               (no ring)

@: lethally poisoned (-5 -> -5)
A: large, unfitting armour, claws 3, regeneration 1, shaggy fur 1, tough skin 1
a: Renounce Religion, Berserk, Trog's Hand


You were on level 3 of the Dungeon.
You worshipped Trog.
Trog was pleased with you.
You visited 1 branch of the dungeon, and saw 3 of its levels.

You collected 168 gold pieces.

Inventory:

Hand Weapons
 a - a +1 mace of electrocution
Armour
 b - a +0 animal skin (worn)
Jewellery
 l - a ring of protection from cold (left claw)
 n - an amulet of regeneration (around neck)
Wands
 g - a wand of acid (7)
Scrolls
 e - 2 scrolls of teleportation
 h - a scroll of amnesia {unknown}
 j - 2 scrolls of identify {unknown}
 k - a scroll of summoning {unknown}
 m - a scroll of poison {unknown}
Potions
 c - 2 potions of lignification {unknown}
 d - 2 potions of flight {unknown}
 f - 2 potions of cancellation {unknown}


   Skills:
 + Level 2.9 Fighting
 + Level 3.1 Maces & Flails
 + Level 2.9 Dodging
 * Level 1.9 Unarmed Combat


You had 3 spell levels left.
You didn't know any spells.
Your spell library was empty.

Dungeon Overview and Level Annotations

Branches:
Dungeon (3/15)

Altars:

Shops:
D:2 ?[[

Annotations:
D:2 Sigmund
D:3 Crazy Yiuf


Innate Abilities, Weirdness & Mutations

You are too large for most types of armour.
You have claws for hands.
Your natural rate of healing is unusually fast.
You are covered in fur. (AC +1)
You have tough skin. (AC +1)


Message History

The bat completely misses you.
You barely miss the bat. The bat hits you but does no damage.
The bat barely misses you.
You closely miss the bat. The bat barely misses you.
The bat closely misses you.
You miss the bat. The bat hits you but does no damage.
The bat barely misses you.
You scratch the bat.
You kill the bat!
Trog accepts your kill.
You enter the shallow water.
Moving in this stuff is going to be slow.
You enter the shallow water.
Moving in this stuff is going to be slow.
Found a mace.
Found a runed translucent door.
Crazy Yiuf shouts!
You open the door. You closely miss Crazy Yiuf.
Crazy Yiuf drinks a potion.
Crazy Yiuf suddenly seems more resistant.
You completely miss Crazy Yiuf.
Crazy Yiuf hits you with a +3 quarterstaff of chaos!
You are poisoned.
You barely miss Crazy Yiuf.
You feel very sick.
Crazy Yiuf hits you with a +3 quarterstaff of chaos!
Crazy Yiuf burns you.
* * * LOW HITPOINT WARNING * * *
You closely miss Crazy Yiuf.
You feel sick. Crazy Yiuf barely misses you.
You scratch Crazy Yiuf.
Crazy Yiuf is lightly wounded.
You feel sick.
Crazy Yiuf hits you with a +3 quarterstaff of chaos.
* * * LOW HITPOINT WARNING * * *
Crazy Yiuf attacks as you move away! Crazy Yiuf misses you.
You feel sick.
You feel sick.
You feel sick.
Crazy Yiuf says, "Fluff turtle hand!"
Crazy Yiuf attacks as you move away!
Crazy Yiuf hits you with a +3 quarterstaff of chaos!
You die...

*,,,**,,,**,*#....#####
*,,,**,,,**,*#..)......
**,***,,,,**,*####......
*,,>,,,,,,,,,#####......
*,,,,,,,,,**,#..........
*************#..........
#..........
♣♣♣♣♣###..........
###**♣♣♣@♣....#.....###.#
#...#♣.g♣...........# #.#
#...'.♣♣♣♣..........###.#
#)..#♣♣ ♣♣.........##≈≈≈
###** ♣♣########....≈
#.##≈≈ #.#≈.≈ #.≈≈≈.
####≈.


You could see Crazy Yiuf (resistant).

Vanquished Creatures
  2 adders (D:3)
  A worm (D:2)
  3 dart slugs (D:1)
  2 endoplasms (D:1)
  A giant cockroach (D:2)
  3 goblins
  6 hobgoblins
  3 jackals (D:1)
  A kobold (D:2)
  3 quokkas (D:1)
  4 ball pythons
  2 bats
  8 frilled lizards
  5 rats
44 creatures vanquished.

Notes
Turn   | Place    | Note
-------+----------+-------------------------------------------
     0 | D:1      | hquester the Troll Berserker began the quest for the Orb.
     0 | D:1      | Reached XP level 1. HP: 22/22 MP: 0/0
   194 | D:1      | Reached XP level 2. HP: 29/29 MP: 1/1
   276 | D:1      | Reached skill level 1 in Unarmed Combat
   323 | D:1      | Reached skill level 3 in Maces & Flails
   500 | D:1      | Reached XP level 3. HP: 33/36 MP: 2/2
   818 | D:2      | Reached ** piety under Trog
   845 | D:2      | Found Honeing's Antique Armour Shoppe.
   970 | D:2      | Found Uzxaeju's Magic Scroll Boutique.
  1021 | D:2      | Found a faded altar of an unknown god.
  1154 | D:2      | Found Higom's Antique Armour Shop.
  1484 | D:2      | Noticed Sigmund
  1701 | D:3      | Reached XP level 4. HP: 44/44 MP: 3/3
  2015 | D:3      | Found a runed translucent door.
  2016 | D:3      | Noticed Crazy Yiuf
  2028 | D:3      | Slain by Crazy Yiuf

Illustrated notes

Levels and vault maps discovered:
D:1:      giann_bridges, layout_basic, minivault_24, roderic_lattice_a
D:2:      layout_basic, ebering_ecumenical_altar_mist, serial_shops,
          nicolae_square_shop, nicolae_lakefront_shop, shop, shop_statue, shop,
          uniq_sigmund
D:3:      layout_basic, serial_rivers, chequers_serial_rivers_micro_b,
          chequers_serial_rivers_large_a, chequers_serial_rivers_small_a,
          chequers_serial_rivers_room_a, chequers_serial_rivers_marsh,
          chequers_serial_rivers_small_3, minmay_misc_feat_ornament,
          uniq_crazy_yiuf_cottage

Skill      XL: |  1  2 |
---------------+-------+-----
Unarmed Combat | 1 |  1.9
Maces & Flails | 3 |  3.1
Fighting       | |  2.9
Dodging        | |  2.9

Action                   |  1- 3 |  4- 6 || total
-------------------------+-------+-------++-------
Melee: Unarmed           |   104 |    16 ||   120
       Mace              |    13 |       ||    13
       Punch             |     1 |       ||     1
  Use: Scroll            |     4 |       ||     4
Armor: Animal skin       |    38 |     7 ||    45
Dodge: Dodged            |    54 |    16 ||    70

Table legend: (Time is in decaauts)
 A = Elapsed time spent in this place.
 B = Non-inter-level travel time spent in this place.
 C = Inter-level travel time spent in this place.
 D = Time resting spent in this place.
 E = Time spent auto-exploring this place.
 F = Levels seen in this place.
 G = Mean time per level.
                   A        B        C        D        E       F      G
               +--------+--------+--------+--------+--------+-----+--------+
         Total |   2031 |   2031 |      0 |      0 |   1543 |   3 |  677.0 |
       Dungeon |   2031 |   2031 |      0 |      0 |   1543 |   3 |  677.0 |
               +--------+--------+--------+--------+--------+-----+--------+

Top non-repeatable levels by time:
     D:1: 798 daAuts
     D:2: 698 daAuts
     D:3: 535 daAuts
